 Dungeon Crawl Stone Soup version 0.30-a0-313-gae38170b09 (webtiles) character file.

Game seed: 16899419831723641176

106 McGhostyFace the Magician (level 4, -5/32 HPs)
             Began as a Gnoll Hedge Wizard on Oct 27, 2022.
             Was a Believer of Jiyva.
             Slain by a river rat (7 damage)
             ... in a sewer.
             The game lasted 00:03:16 (1401 turns).

McGhostyFace the Magician (Gnoll Hedge Wizard)      Turns: 1401, Time: 00:03:17

Health: -5/32      AC:  2    Str:  9    XL:     4   Next: 84%
Magic:  5/13       EV: 13    Int: 16    God:    Jiyva [**....]
Gold:   54         SH:  0    Dex: 11    Spells: 9/17 levels left

rFire   . . .      SeeInvis .    f - +0 short sword
rCold   . . .      Faith    .    (no shield)
rNeg    . . .      Spirit   .    b - +0 robe
rPois   .          Reflect  .    c - +0 hat
rElec   .          Harm     .    (no cloak)
rCorr   +          Rampage  .    (no gloves)
Will    .....                    (no boots)
Stlth   ++........               (no amulet)
HPRegen 1.21/turn                (no ring)
MPRegen 0.43/turn                (no ring)

@: no status effects
A: fangs 1, strong nose, distributed training
a: Renounce Religion


You were in a sewer.
You worshipped Jiyva.
Jiyva was pleased with you.
You visited 1 branch of the dungeon, and saw 3 of its levels.
You also visited: Sewer.

You collected 54 gold pieces.

Inventory:

Hand Weapons
 a - a +0 dagger
 f - a +0 short sword (weapon)
Missiles
 e - 6 poisoned darts
Armour
 b - a +0 robe (worn)
 c - a +0 hat (worn)
 i - the +5 chain mail of the Equinox {+Inv Fly rElec}
   (You found it on level 2 of the Dungeon)

   rElec:     It insulates you from electricity.
   +Inv:      It lets you turn invisible.
   Fly:       It grants you flight.
Scrolls
 g - a scroll of identify {unknown}
Potions
 d - 2 potions of magic
 h - 2 potions of flight {unknown}


   Skills:
 + Level 1.3 Fighting
 + Level 1.3 Short Blades
 + Level 1.3 Long Blades
 + Level 1.3 Axes
 + Level 1.3 Maces & Flails
 + Level 1.3 Polearms
 + Level 1.3 Staves
 + Level 1.3 Ranged Weapons
 + Level 1.3 Throwing
 + Level 1.3 Armour
 + Level 4.7 Dodging
 + Level 4.3 Stealth
 + Level 1.3 Shields
 + Level 1.3 Unarmed Combat
 + Level 7.2 Spellcasting
 + Level 2.3 Conjurations
 + Level 1.0 Hexes
 + Level 2.3 Summonings
 + Level 1.0 Necromancy
 + Level 2.3 Translocations
 + Level 1.0 Transmutations
 + Level 1.0 Fire Magic
 + Level 1.0 Ice Magic
 + Level 1.0 Air Magic
 + Level 1.0 Earth Magic
 + Level 1.0 Poison Magic
 + Level 1.4 Invocations
 + Level 1.3 Evocations


You had 9 spell levels left.
You knew the following spells:

 Your Spells              Type           Power      Damage    Failure   Level
a - Magic Dart            Conj           52%        1d5       4%          1
b - Blink                 Tloc           26%        N/A       7%          2
c - Mephitic Cloud        Conj/Pois/Air  10%        N/A       21%         3
d - Call Imp              Summ           13%        N/A       7%          2

Your spell library contained the following spells:

 Spells                   Type           Power      Damage    Failure   Level
 Kiss of Death            Conj/Necr      44%        2d8       6%          1
 Slow                     Hex            36%        N/A       8%          1
 Cigotuvi's Dreadful Rot  Necr/Pois/Air  18%        N/A       12%         2


Dungeon Overview and Level Annotations

Branches:
Dungeon (3/15)              Sewer (1/1)

Altars:
Jiyva

Shops:
D:2 !


Innate Abilities, Weirdness & Mutations

You have very sharp teeth.
Your uncanny sense of smell can sniff out nearby items.
Your experience applies equally to all skills.


Message History

Aiming: Magic Dart (safe; 4% risk of failure)
Press: ? - help, Shift-Dir - straight line, f - rat
Aim: a rat (100% to hit)
The magic dart hits the rat.
The rat is moderately wounded.
The rat bites you.
* * * LOW HITPOINT WARNING * * *
The river rat bites you.
* * * LOW HITPOINT WARNING * * *
Casting: Magic Dart (safe; 4% risk of failure)
Confirm with . or Enter, or press ? or * to list all spells.
Aiming: Magic Dart (safe; 4% risk of failure)
Press: ? - help, Shift-Dir - straight line, f/p - rat
Aim: a rat (moderately wounded, 100% to hit)
The magic dart hits the rat.
You kill the rat!
The river rat closely misses you.
Casting: Magic Dart (safe; 4% risk of failure)
Confirm with . or Enter, or press ? or * to list all spells.
Aiming: Magic Dart (safe; 4% risk of failure)
Press: ? - help, Shift-Dir - straight line, f - rat
Aim: a rat (100% to hit)
The magic dart hits the rat.
You kill the rat!
The river rat bites you!
* * * LOW HITPOINT WARNING * * *
Really renounce your faith, foregoing its fabulous benefits? [Y]es or [N]o only, please.
Really renounce your faith, foregoing its fabulous benefits? [Y]es or [N]o only, please.
Really renounce your faith, foregoing its fabulous benefits?
Okay, then.
Casting: Magic Dart (safe; 4% risk of failure)
Confirm with . or Enter, or press ? or * to list all spells.
Aiming: Magic Dart (safe; 4% risk of failure)
Press: ? - help, Shift-Dir - straight line, f - river rat
Aim: a river rat (100% to hit)
The magic dart hits the river rat but does no damage.
The river rat bites you!
You die...

##### ##### ##..∩# ##### #####
#∩..#####..######.†.##
####...######...##..#####......##
#........#####.......##..........
...........##....................
.................................
~~~.~~~......................~~~.
≈~~≈≈≈..~~.~..~.@.........~~~~~~~
≈≈≈≈≈~≈≈~~~≈≈~~rr~.....~..~≈≈~~≈≈
≈≈≈≈≈≈≈≈≈≈≈≈≈≈≈~~~...~.~≈~≈~≈≈≈≈≈
≈≈≈≈≈≈≈≈≈≈≈≈≈≈≈≈r≈≈~≈≈~≈≈≈≈≈≈≈≈≈≈
≈≈≈≈≈≈≈≈≈≈≈≈≈≈~~≈~≈≈~~~≈≈≈≈≈≈≈≈≈≈
≈≈≈≈≈≈≈~≈≈≈≈~≈~.......~..~~~~≈≈~≈
≈≈≈≈~≈≈≈##~.~~.~†........~~~~.~≈~
####...............##.....~#
.....##........## #.....


You could see a river rat and 2 rats.

Vanquished Creatures
  A hound (D:3)
  3 river rats
  2 worms
  2 endoplasms (D:1)
  2 giant cockroaches (D:1)
  A goblin (D:3)
  3 hobgoblins
  2 jackals (D:1)
  3 quokkas
  6 ball pythons
  2 bats (D:1)
  A frilled lizard (D:1)
  6 kobolds
  13 rats
47 creatures vanquished.

Vanquished Creatures (others)
  An adder (D:2)
  A river rat (Sewer)
  2 ball pythons
  2 frilled lizards (Sewer)
  5 kobolds (Sewer)
  3 rats (Sewer)
  5 plants (D:1)
19 creatures vanquished.

Grand Total: 66 creatures vanquished

Notes
Turn   | Place    | Note
-------+----------+-------------------------------------------
     0 | D:1      | McGhostyFace the Gnoll Hedge Wizard began the quest for the
                  | Orb.
     0 | D:1      | Reached XP level 1. HP: 13/13 MP: 8/8
   225 | D:1      | Reached XP level 2. HP: 16/19 MP: 10/10
   360 | D:1      | Found a faded altar of an unknown god.
   367 | D:1      | Got Plato's Guide on Evil
   588 | D:1      | Prayed at the altar of an unknown god.
   588 | D:1      | Became a worshipper of Jiyva Jipson the Shapeless
   588 | D:1      | Reached * piety under Jiyva
   932 | D:2      | Identified the +5 chain mail of the Equinox {+Inv Fly
                  | rElec}
   965 | D:2      | Found Vivem's Distillery.
   971 | D:2      | Reached XP level 3. HP: 25/25 MP: 7/11
  1000 | D:2      | Reached ** piety under Jiyva
  1077 | D:3      | Reached skill level 1 in Fighting
  1077 | D:3      | Reached skill level 1 in Short Blades
  1077 | D:3      | Reached skill level 1 in Long Blades
  1077 | D:3      | Reached skill level 1 in Axes
  1077 | D:3      | Reached skill level 1 in Maces & Flails
  1077 | D:3      | Reached skill level 1 in Polearms
  1077 | D:3      | Reached skill level 1 in Staves
  1077 | D:3      | Reached skill level 1 in Ranged Weapons
  1077 | D:3      | Reached skill level 1 in Throwing
  1077 | D:3      | Reached skill level 1 in Armour
  1077 | D:3      | Reached skill level 1 in Shields
  1077 | D:3      | Reached skill level 1 in Unarmed Combat
  1077 | D:3      | Reached skill level 1 in Invocations
  1077 | D:3      | Reached skill level 1 in Evocations
  1078 | D:3      | Reached XP level 4. HP: 30/32 MP: 10/13
  1081 | D:3      | Learned a level 2 spell: Blink
  1085 | D:3      | Learned a level 3 spell: Mephitic Cloud
  1088 | D:3      | Learned a level 2 spell: Call Imp
  1206 | D:3      | Found a glowing drain.
  1211 | Sewer    | Entered a sewer
  1230 | Sewer    | Reached skill level 1 in Hexes
  1230 | Sewer    | Reached skill level 1 in Necromancy
  1230 | Sewer    | Reached skill level 1 in Transmutations
  1230 | Sewer    | Reached skill level 1 in Fire Magic
  1230 | Sewer    | Reached skill level 1 in Ice Magic
  1230 | Sewer    | Reached skill level 1 in Air Magic
  1230 | Sewer    | Reached skill level 1 in Earth Magic
  1230 | Sewer    | Reached skill level 1 in Poison Magic
  1400 | Sewer    | HP: 1/32 [river rat (7)]
  1401 | Sewer    | Slain by a river rat

Illustrated notes

Levels and vault maps discovered:
D:1:      eino_arrival_tree_alley, layout_loops_ring,
          shapermc_ecumenical_altar_rom_forum, minmay_shallow_snake_nest
D:2:      layout_rooms, serial_shops, nicolae_shop_statue_plus,
          serial_corexii_hall, chequers_hall_statues_y, corexii_hall_statues_l
D:3:      layout_loops_ring, grunt_temple_overflow_order_and_chaos_2,
          vehumet_statue, gup_sewer_entry_bowl
Sewer:    sewer_minmay_treatment

Skill      XL: |  1  2  3  4 |
---------------+-------------+-----
Conjurations   | 2 |  2.3
Summonings     | 2 |  2.3
Translocations | 2 |  2.3
Fighting       | 1 |  1.3
Short Blades   | 1 |  1.3
Long Blades    | 1 |  1.3
Axes           | 1 |  1.3
Maces & Flails | 1 |  1.3
Polearms       | 1 |  1.3
Staves         | 1 |  1.3
Ranged Weapons | 1 |  1.3
Throwing       | 1 |  1.3
Armour         | 1 |  1.3
Shields        | 1 |  1.3
Unarmed Combat | 1 |  1.3
Invocations    | 1 |  1.4
Evocations     | 1 |  1.3
Hexes          | 1 |  1.0
Necromancy     | 1 |  1.0
Transmutations | 1 |  1.0
Fire Magic     | 1 |  1.0
Ice Magic      | 1 |  1.0
Air Magic      | 1 |  1.0
Earth Magic    | 1 |  1.0
Poison Magic   | 1 |  1.0
Dodging        | |  4.7
Stealth        | |  4.3
Spellcasting   | |  7.2

Action                   |  1- 3 |  4- 6 || total
-------------------------+-------+-------++-------
Melee: Short sword       |    48 |     7 ||    55
       Bite              |     4 |     1 ||     5
       Dagger            |     2 |       ||     2
       Punch             |     2 |       ||     2
 Cast: Magic Dart        |    35 |    63 ||    98
 Stab: Sleeping          |     4 |       ||     4
Armor: Robe              |     6 |     7 ||    13
Dodge: Dodged            |    32 |    44 ||    76

Table legend: (Time is in decaauts)
 A = Elapsed time spent in this place.
 B = Non-inter-level travel time spent in this place.
 C = Inter-level travel time spent in this place.
 D = Time resting spent in this place.
 E = Time spent auto-exploring this place.
 F = Levels seen in this place.
 G = Mean time per level.
                   A        B        C        D        E       F      G
               +--------+--------+--------+--------+--------+-----+--------+
         Total |   1405 |   1380 |     25 |      8 |    981 |   4 |  351.2 |
       Dungeon |   1213 |   1188 |     25 |      8 |    844 |   3 |  404.3 |
         Sewer |    192 |    192 |      0 |      0 |    137 |   1 |  192.0 |
               +--------+--------+--------+--------+--------+-----+--------+

Top non-repeatable levels by time:
     D:1: 867 daAuts
     D:2: 199 daAuts
   Sewer: 192 daAuts
     D:3: 145 daAuts
